 Dungeon Crawl Stone Soup version 0.31.0-9-g3a7656b989 (webtiles) character file.

Game seed: 5667856681306598664

171 qw the Ducker (level 5, -1/26 HPs)
             Began as a Spriggan Hunter on Feb 2, 2024.
             Succumbed to their own poison gas
             ... on level 3 of the Dungeon.
             The game lasted 00:00:16 (2793 turns).

qw the Ducker (Spriggan Hunter)                     Turns: 2793, Time: 00:00:17

Health: -1/26      AC:  2    Str: 13    XL:     5   Next: 26%
Magic:  6/6        EV: 21    Int: 10    God:
Gold:   81         SH:  0    Dex: 21    Spells: 4/4 levels left

rFire   + . .        a - +0 shortbow
rCold   . . .        (shield currently unavailable)
rNeg    . . .        c - +0 robe
rPois   .            (helmet restricted)
rElec   .            (no cloak)
rCorr   .            (gloves unavailable)
SInv    +            (boots unavailable)
Will    .....        j - amulet of regeneration
Stlth   ++           b - ring of protection from fire
HPRegen 1.04/turn    k - +6 ring of strength
MPRegen 0.10/turn

%: no passive effects
@: lethally poisoned (-1 -> -44), on berserk cooldown, slowed, quick
A: very small, no large weapons, unfitting armour, see invisible, speed 3
a: no special abilities


You were on level 3 of the Dungeon.
You visited 1 branch of the dungeon, and saw 3 of its levels.

You collected 232 gold pieces.
You spent 151 gold pieces at shops.


Innate Abilities, Weirdness & Mutations

You are very small and have problems with some larger weapons.
You are too small for most types of armour.
You have supernaturally acute eyesight. (SInv)
You cover ground extremely quickly. (Speed+++)


   Skills:
 - Level 2.0 Fighting
 + Level 5.2 Ranged Weapons
 - Level 5.5 Dodging
 - Level 1.5 Stealth


You had 4 spell levels left.
You didn't know any spells.
Your spell library was empty.

Inventory:

Hand Weapons
 a - a +0 shortbow (weapon)
Armour
 c - a +0 robe (worn)
Jewellery
 b - a ring of protection from fire (left hand)
 j - an amulet of regeneration (around neck)
 k - a +6 ring of strength (right hand)
Scrolls
 d - 2 scrolls of teleportation
Potions
 e - a potion of heal wounds
 g - a potion of ambrosia
 h - 3 potions of curing
 i - a potion of berserk rage

Dungeon Overview and Level Annotations

Branches:
Dungeon (3/15)

Altars:
Okawaru
Ru
Sif Muna

Shops:
D:2 *=!?


Message History

2784 ||| PLANNING OKAWARU WORSHIP
2784 ||| UPGRADING to +6 ring of strength.
You feel stronger.
k - a +6 ring of strength (right hand)
2785 ||| READING scroll of identify.
2785 ||| IDENTIFYING orange potion
As you read the scroll of identify, it crumbles to dust.
g - a potion of ambrosia
2786 ||| READING scroll labelled FYETUH ELADIBE.
As you read the scroll labelled FYETUH ELADIBE, it crumbles to dust.
You feel aware of your surroundings.
It was a scroll of revelation.
2787 ||| READING scroll labelled LYIPOH WICSU.
The air fills with toxic fumes!
As you read the scroll labelled LYIPOH WICSU, it crumbles to dust.
It was a scroll of poison.
2788 ||| DRINKING 2 cyan potions.
It was a potion of berserk rage.
A red film seems to cover your vision as you go berserk!
You feel yourself moving faster!
You feel mighty!
2789 ||| FLEEEEING.
You feel a strong urge to attack something.
You are engulfed in poison gas.
You are poisoned.
You feel sick.
2790 ||| FLEEEEING.
You are engulfed in poison gas.
You are more poisoned.
You feel very sick.
2791 ||| FLEEEEING.
You feel your anger nearly subside.
You are engulfed in poison gas.
You are lethally poisoned!
You feel very sick.
2792 ||| FLEEEEING.
You are engulfed in poison gas.
You are more poisoned.
You are no longer berserk.
You are exhausted.
You feel yourself slow down.
You feel extremely sick.
2793 ||| Stepping ~*~*~tactically~*~*~ (cloud).
You die...

###8.......# ############.......
...'...#...# ############..#.###
..#8...##.## #################
''####.##.# ########..###..*
..#%}#.##.############..###..*
..#..#.#........#######¤¤...#*
..#_.#?..######.#¤¤¤¤.¤¤¤_..#
..#..#.### ##¤¤¤#####$....#*
....##.# #¤.@#####..###..*
#####..# ##.#.#####..###..*
.......# ##.#<.############* #
......## ##.###.#########.## ##
.......####.#####.#######...####.
...?...'...## ####.............'.
.......####.## ##.#######...####.
......## ##.###.## ##.## ##
)....## ##.#.## #.# #


There were no monsters in sight!

Vanquished Creatures
  A howler monkey (D:3)
  6 adders
  4 dart slugs
  3 ribbon worms
  2 ball pythons
  6 bats
  4 endoplasms (D:2)
  3 giant cockroaches
  2 goblins
  7 hobgoblins
  10 jackals
  5 kobolds
  A frilled lizard (D:3)
  9 rats
63 creatures vanquished.

Notes
Turn   | Place    | Note
-------+----------+-------------------------------------------
     0 | D:1      | qw the Spriggan Hunter began the quest for the Orb.
     0 | D:1      | Reached XP level 1. HP: 10/10 MP: 2/2
     0 | D:1      | 0 ||| qw: Version: 0.3-a-155-g5e7d8dd
     0 | D:1      | 0 ||| qw: Game counter: 926
     0 | D:1      | 0 ||| qw: Melee chars always use a shield: true
     0 | D:1      | 0 ||| qw: God list: Okawaru
     0 | D:1      | 0 ||| qw: Allow faded altars: false
     0 | D:1      | 0 ||| qw: Do Orc after clearing Dungeon:15 true
     0 | D:1      | 0 ||| qw: Do second Lair branch before Depths: true
     0 | D:1      | 0 ||| qw: Lair rune preference: random
     0 | D:1      | 0 ||| qw: Goals: Normal
     0 | D:1      | 0 ||| PLANNING D:1-11
    27 | D:1      | Reached skill level 3 in Dodging
   122 | D:1      | Reached XP level 2. HP: 14/14 MP: 3/3
   587 | D:1      | Reached XP level 3. HP: 18/18 MP: 4/4
   587 | D:1      | You fall into a shaft and drop 1 floor!
   592 | D:2      | 592 ||| READING 3 scrolls labelled SEUPAA QIF XEA.
   593 | D:2      | 593 ||| READING scroll labelled PILIF VIROAS.
   624 | D:2      | 624 ||| READING scroll labelled HAIS FIKE PEMA.
   720 | D:2      | 720 ||| DROPPING scroll of butterflies.
   721 | D:2      | 721 ||| DROPPING 2 scrolls of immolation.
   730 | D:2      | 730 ||| Stepping randomly (stuck).
   735 | D:2      | 735 ||| Stepping randomly (stuck).
   736 | D:2      | 736 ||| Stepping randomly (stuck).
   737 | D:2      | 737 ||| Stepping randomly (stuck).
   738 | D:2      | 738 ||| Stepping randomly (stuck).
   739 | D:2      | 739 ||| Stepping randomly (stuck).
   740 | D:2      | 740 ||| Stepping randomly (stuck).
   741 | D:2      | 741 ||| Stepping randomly (stuck).
   742 | D:2      | 742 ||| Stepping randomly (stuck).
   743 | D:2      | 743 ||| Stepping randomly (stuck).
   744 | D:2      | 744 ||| Stepping randomly (stuck).
   745 | D:2      | 745 ||| Stepping randomly (stuck).
   746 | D:2      | 746 ||| Stepping randomly (stuck).
   747 | D:2      | 747 ||| Stepping randomly (stuck).
   748 | D:2      | 748 ||| Stepping randomly (stuck).
   749 | D:2      | 749 ||| Stepping randomly (stuck).
   750 | D:2      | 750 ||| Stepping randomly (stuck).
   751 | D:2      | 751 ||| Stepping randomly (stuck).
   752 | D:2      | 752 ||| Stepping randomly (stuck).
   753 | D:2      | 753 ||| Stepping randomly (stuck).
   754 | D:2      | 754 ||| Stepping randomly (stuck).
   755 | D:2      | 755 ||| Stepping randomly (stuck).
   756 | D:2      | 756 ||| Stepping randomly (stuck).
   757 | D:2      | 757 ||| Stepping randomly (stuck).
   758 | D:2      | 758 ||| Stepping randomly (stuck).
   759 | D:2      | 759 ||| Stepping randomly (stuck).
   760 | D:2      | 760 ||| Stepping randomly (stuck).
   761 | D:2      | 761 ||| Stepping randomly (stuck).
   762 | D:2      | 762 ||| Stepping randomly (stuck).
   763 | D:2      | 763 ||| Stepping randomly (stuck).
   764 | D:2      | 764 ||| Stepping randomly (stuck).
   765 | D:2      | 765 ||| Stepping randomly (stuck).
   766 | D:2      | 766 ||| Stepping randomly (stuck).
   767 | D:2      | 767 ||| Stepping randomly (stuck).
   768 | D:2      | 768 ||| Stepping randomly (stuck).
   769 | D:2      | 769 ||| Stepping randomly (stuck).
   770 | D:2      | 770 ||| Stepping randomly (stuck).
   771 | D:2      | 771 ||| Stepping randomly (stuck).
   772 | D:2      | 772 ||| Stepping randomly (stuck).
   773 | D:2      | 773 ||| Stepping randomly (stuck).
   774 | D:2      | 774 ||| Stepping randomly (stuck).
   775 | D:2      | 775 ||| Stepping randomly (stuck).
   776 | D:2      | 776 ||| Stepping randomly (stuck).
   777 | D:2      | 777 ||| Stepping randomly (stuck).
   778 | D:2      | 778 ||| Stepping randomly (stuck).
   779 | D:2      | 779 ||| Stepping randomly (stuck).
   780 | D:2      | 780 ||| Stepping randomly (stuck).
   781 | D:2      | 781 ||| Stepping randomly (stuck).
   782 | D:2      | 782 ||| Stepping randomly (stuck).
   783 | D:2      | 783 ||| Stepping randomly (stuck).
   784 | D:2      | 784 ||| Stepping randomly (stuck).
   785 | D:2      | 785 ||| Stepping randomly (stuck).
   786 | D:2      | 786 ||| Stepping randomly (stuck).
   787 | D:2      | 787 ||| Stepping randomly (stuck).
   788 | D:2      | 788 ||| Stepping randomly (stuck).
   789 | D:2      | 789 ||| Stepping randomly (stuck).
   790 | D:2      | 790 ||| Stepping randomly (stuck).
   791 | D:2      | 791 ||| Stepping randomly (stuck).
   792 | D:2      | 792 ||| Stepping randomly (stuck).
   793 | D:2      | 793 ||| Stepping randomly (stuck).
   794 | D:2      | 794 ||| Stepping randomly (stuck).
   795 | D:2      | 795 ||| Stepping randomly (stuck).
   796 | D:2      | 796 ||| Stepping randomly (stuck).
   797 | D:2      | 797 ||| Stepping randomly (stuck).
   798 | D:2      | 798 ||| Stepping randomly (stuck).
   799 | D:2      | 799 ||| Stepping randomly (stuck).
   800 | D:2      | 800 ||| Stepping randomly (stuck).
   801 | D:2      | 801 ||| Stepping randomly (stuck).
   802 | D:2      | 802 ||| Stepping randomly (stuck).
   803 | D:2      | 803 ||| Stepping randomly (stuck).
   804 | D:2      | 804 ||| Stepping randomly (stuck).
   805 | D:2      | 805 ||| Stepping randomly (stuck).
   806 | D:2      | 806 ||| Stepping randomly (stuck).
   807 | D:2      | 807 ||| Stepping randomly (stuck).
   808 | D:2      | 808 ||| Stepping randomly (stuck).
   809 | D:2      | 809 ||| Stepping randomly (stuck).
   810 | D:2      | 810 ||| Stepping randomly (stuck).
   811 | D:2      | 811 ||| Stepping randomly (stuck).
   812 | D:2      | 812 ||| Stepping randomly (stuck).
   813 | D:2      | 813 ||| Stepping randomly (stuck).
   814 | D:2      | 814 ||| Stepping randomly (stuck).
   815 | D:2      | 815 ||| Stepping randomly (stuck).
   816 | D:2      | 816 ||| Stepping randomly (stuck).
   817 | D:2      | 817 ||| Stepping randomly (stuck).
   818 | D:2      | 818 ||| Stepping randomly (stuck).
   819 | D:2      | 819 ||| Stepping randomly (stuck).
   822 | D:2      | 822 ||| Stepping randomly (stuck).
   823 | D:2      | 823 ||| Stepping randomly (stuck).
   824 | D:2      | 824 ||| Stepping randomly (stuck).
   825 | D:2      | 825 ||| Stepping randomly (stuck).
   826 | D:2      | 826 ||| Stepping randomly (stuck).
   827 | D:2      | 827 ||| Stepping randomly (stuck).
   828 | D:2      | 828 ||| Stepping randomly (stuck).
   829 | D:2      | 829 ||| Stepping randomly (stuck).
   830 | D:2      | 830 ||| Stepping randomly (stuck).
   831 | D:2      | 831 ||| Stepping randomly (stuck).
   832 | D:2      | 832 ||| Stepping randomly (stuck).
   833 | D:2      | 833 ||| Stepping randomly (stuck).
   834 | D:2      | 834 ||| Stepping randomly (stuck).
   835 | D:2      | 835 ||| Stepping randomly (stuck).
   836 | D:2      | 836 ||| Stepping randomly (stuck).
   837 | D:2      | 837 ||| Stepping randomly (stuck).
   838 | D:2      | 838 ||| Stepping randomly (stuck).
   839 | D:2      | 839 ||| Stepping randomly (stuck).
   840 | D:2      | 840 ||| Stepping randomly (stuck).
   841 | D:2      | 841 ||| Stepping randomly (stuck).
   842 | D:2      | 842 ||| Stepping randomly (stuck).
   843 | D:2      | 843 ||| Stepping randomly (stuck).
   844 | D:2      | 844 ||| Stepping randomly (stuck).
   845 | D:2      | 845 ||| Stepping randomly (stuck).
   846 | D:2      | 846 ||| Stepping randomly (stuck).
   847 | D:2      | 847 ||| Stepping randomly (stuck).
   848 | D:2      | 848 ||| Stepping randomly (stuck).
   849 | D:2      | 849 ||| Stepping randomly (stuck).
   850 | D:2      | 850 ||| Stepping randomly (stuck).
   851 | D:2      | 851 ||| Stepping randomly (stuck).
   852 | D:2      | 852 ||| Stepping randomly (stuck).
   853 | D:2      | 853 ||| Stepping randomly (stuck).
   854 | D:2      | 854 ||| Stepping randomly (stuck).
   855 | D:2      | 855 ||| Stepping randomly (stuck).
   856 | D:2      | 856 ||| Stepping randomly (stuck).
   857 | D:2      | 857 ||| Stepping randomly (stuck).
   858 | D:2      | 858 ||| Stepping randomly (stuck).
   859 | D:2      | 859 ||| Stepping randomly (stuck).
   860 | D:2      | 860 ||| Stepping randomly (stuck).
   861 | D:2      | 861 ||| Stepping randomly (stuck).
   862 | D:2      | 862 ||| Stepping randomly (stuck).
   863 | D:2      | 863 ||| Stepping randomly (stuck).
   864 | D:2      | 864 ||| Stepping randomly (stuck).
   865 | D:2      | 865 ||| Stepping randomly (stuck).
   866 | D:2      | 866 ||| Stepping randomly (stuck).
   867 | D:2      | 867 ||| Stepping randomly (stuck).
   868 | D:2      | 868 ||| Stepping randomly (stuck).
   869 | D:2      | 869 ||| Stepping randomly (stuck).
   870 | D:2      | 870 ||| Stepping randomly (stuck).
   871 | D:2      | 871 ||| Stepping randomly (stuck).
   872 | D:2      | 872 ||| Stepping randomly (stuck).
   873 | D:2      | 873 ||| Stepping randomly (stuck).
   874 | D:2      | 874 ||| Stepping randomly (stuck).
   875 | D:2      | 875 ||| Stepping randomly (stuck).
   876 | D:2      | 876 ||| Stepping randomly (stuck).
   877 | D:2      | 877 ||| Stepping randomly (stuck).
   878 | D:2      | 878 ||| Stepping randomly (stuck).
   879 | D:2      | 879 ||| Stepping randomly (stuck).
   880 | D:2      | 880 ||| Stepping randomly (stuck).
   881 | D:2      | 881 ||| Stepping randomly (stuck).
   882 | D:2      | 882 ||| Stepping randomly (stuck).
   883 | D:2      | 883 ||| Stepping randomly (stuck).
   884 | D:2      | 884 ||| Stepping randomly (stuck).
   885 | D:2      | 885 ||| Stepping randomly (stuck).
   886 | D:2      | 886 ||| Stepping randomly (stuck).
   887 | D:2      | 887 ||| Stepping randomly (stuck).
   888 | D:2      | 888 ||| Stepping randomly (stuck).
   889 | D:2      | 889 ||| Stepping randomly (stuck).
   890 | D:2      | 890 ||| Stepping randomly (stuck).
   891 | D:2      | 891 ||| Stepping randomly (stuck).
   892 | D:2      | 892 ||| Stepping randomly (stuck).
   893 | D:2      | 893 ||| Stepping randomly (stuck).
   894 | D:2      | 894 ||| Stepping randomly (stuck).
   895 | D:2      | 895 ||| Stepping randomly (stuck).
   896 | D:2      | 896 ||| Stepping randomly (stuck).
   897 | D:2      | 897 ||| Stepping randomly (stuck).
   898 | D:2      | 898 ||| Stepping randomly (stuck).
   899 | D:2      | 899 ||| Stepping randomly (stuck).
   900 | D:2      | 900 ||| Stepping randomly (stuck).
   901 | D:2      | 901 ||| Stepping randomly (stuck).
   902 | D:2      | 902 ||| Stepping randomly (stuck).
   903 | D:2      | 903 ||| Stepping randomly (stuck).
   904 | D:2      | 904 ||| Stepping randomly (stuck).
   905 | D:2      | 905 ||| Stepping randomly (stuck).
   906 | D:2      | 906 ||| Stepping randomly (stuck).
   907 | D:2      | 907 ||| Stepping randomly (stuck).
   908 | D:2      | 908 ||| Stepping randomly (stuck).
   909 | D:2      | 909 ||| Stepping randomly (stuck).
   910 | D:2      | 910 ||| Stepping randomly (stuck).
   911 | D:2      | 911 ||| Stepping randomly (stuck).
   912 | D:2      | 912 ||| Stepping randomly (stuck).
   913 | D:2      | 913 ||| Stepping randomly (stuck).
   914 | D:2      | 914 ||| Stepping randomly (stuck).
   915 | D:2      | 915 ||| Stepping randomly (stuck).
   916 | D:2      | 916 ||| Stepping randomly (stuck).
   917 | D:2      | 917 ||| Stepping randomly (stuck).
   918 | D:2      | 918 ||| Stepping randomly (stuck).
   919 | D:2      | 919 ||| Stepping randomly (stuck).
   920 | D:2      | 920 ||| Stepping randomly (stuck).
   921 | D:2      | 921 ||| Stepping randomly (stuck).
   922 | D:2      | 922 ||| Stepping randomly (stuck).
   923 | D:2      | 923 ||| Stepping randomly (stuck).
   924 | D:2      | 924 ||| Stepping randomly (stuck).
   925 | D:2      | 925 ||| Stepping randomly (stuck).
   926 | D:2      | 926 ||| Stepping randomly (stuck).
   927 | D:2      | 927 ||| Stepping randomly (stuck).
   928 | D:2      | 928 ||| Stepping randomly (stuck).
   929 | D:2      | 929 ||| Stepping randomly (stuck).
   930 | D:2      | 930 ||| Stepping randomly (stuck).
   931 | D:2      | 931 ||| Stepping randomly (stuck).
   932 | D:2      | 932 ||| Stepping randomly (stuck).
   933 | D:2      | 933 ||| Stepping randomly (stuck).
   934 | D:2      | 934 ||| Stepping randomly (stuck).
   935 | D:2      | 935 ||| Stepping randomly (stuck).
   936 | D:2      | 936 ||| Stepping randomly (stuck).
   937 | D:2      | 937 ||| Stepping randomly (stuck).
   938 | D:2      | 938 ||| Stepping randomly (stuck).
   939 | D:2      | 939 ||| Stepping randomly (stuck).
   940 | D:2      | 940 ||| Stepping randomly (stuck).
   941 | D:2      | 941 ||| Stepping randomly (stuck).
   942 | D:2      | 942 ||| Stepping randomly (stuck).
   943 | D:2      | 943 ||| Stepping randomly (stuck).
   944 | D:2      | 944 ||| Stepping randomly (stuck).
   945 | D:2      | 945 ||| Stepping randomly (stuck).
   946 | D:2      | 946 ||| Stepping randomly (stuck).
   947 | D:2      | 947 ||| Stepping randomly (stuck).
   948 | D:2      | 948 ||| Stepping randomly (stuck).
   949 | D:2      | 949 ||| Stepping randomly (stuck).
   950 | D:2      | 950 ||| Stepping randomly (stuck).
   951 | D:2      | 951 ||| Stepping randomly (stuck).
   952 | D:2      | 952 ||| Stepping randomly (stuck).
   953 | D:2      | 953 ||| Stepping randomly (stuck).
   954 | D:2      | 954 ||| Stepping randomly (stuck).
   955 | D:2      | 955 ||| Stepping randomly (stuck).
   981 | D:2      | Found Adutigy's Distillery.
   991 | D:2      | 991 ||| SHOPLISTING potion of cancellation (88 gold, have
                  | 30).
   991 | D:2      | 991 ||| SHOPLISTING potion of curing (33 gold, have 30).
   991 | D:2      | 991 ||| SHOPLISTING potion of enlightenment (55 gold, have
                  | 30).
   991 | D:2      | 991 ||| SHOPLISTING potion of haste (110 gold, have 30).
   991 | D:2      | 991 ||| SHOPLISTING potion of heal wounds (55 gold, have
                  | 30).
   999 | D:2      | Found Kawenipp's Assorted Antiques.
  1014 | D:2      | 1014 ||| BUYING scroll labelled AGEOFI QARCHUPH (26 gold).
  1014 | D:2      | Bought a scroll labelled AGEOFI QARCHUPH for 26 gold pieces
  1014 | D:2      | 1014 ||| BUYING scroll labelled LUONUO MOPIO (26 gold).
  1014 | D:2      | Bought a scroll labelled LUONUO MOPIO for 26 gold pieces
  1014 | D:2      | 1014 ||| SHOPLISTING silver wand (104 gold, have 24).
  1044 | D:2      | 1044 ||| UPGRADING to ring of protection from fire.
  1045 | D:2      | 1045 ||| READING scroll labelled REOLEO MUWKE.
  1046 | D:2      | 1046 ||| READING scroll labelled AGEOFI QARCHUPH.
  1046 | D:2      | 1046 ||| IDENTIFYING smoky golden potion
  1047 | D:2      | 1047 ||| READING scroll labelled LUONUO MOPIO.
  1148 | D:2      | 1148 ||| READING scroll labelled SAEQIA QALUXAY.
  1419 | D:2      | Reached XP level 4. HP: 22/22 MP: 5/5
  1442 | D:2      | Found Weppim's Jewellery Boutique.
  1451 | D:2      | 1451 ||| SHOPLISTING +5 ring of evasion (360 gold, have
                  | 112).
  1451 | D:2      | 1451 ||| SHOPLISTING +6 ring of dexterity (360 gold, have
                  | 112).
  1451 | D:2      | 1451 ||| SHOPLISTING amulet of faith (400 gold, have 112).
  1451 | D:2      | 1451 ||| SHOPLISTING amulet of guardian spirit (300 gold,
                  | have 112).
  1451 | D:2      | 1451 ||| SHOPLISTING amulet of reflection (300 gold, have
                  | 112).
  1451 | D:2      | 1451 ||| SHOPLISTING amulet of regeneration (300 gold, have
                  | 112).
  1451 | D:2      | 1451 ||| SHOPLISTING ring of ice (250 gold, have 112).
  1451 | D:2      | 1451 ||| SHOPLISTING ring of willpower (250 gold, have
                  | 112).
  1650 | D:2      | Found Ylinutoeck's Magic Scroll Shop.
  1653 | D:2      | 1653 ||| BUYING scroll of identify (22 gold).
  1653 | D:2      | Bought a scroll of identify for 22 gold pieces
  1653 | D:2      | 1653 ||| BUYING scroll of identify (22 gold).
  1653 | D:2      | Bought a scroll of identify for 22 gold pieces
  1653 | D:2      | 1653 ||| BUYING scroll of identify (22 gold).
  1653 | D:2      | Bought a scroll of identify for 22 gold pieces
  1653 | D:2      | 1653 ||| BUYING scroll of teleportation (33 gold).
  1653 | D:2      | Bought a scroll of teleportation for 33 gold pieces
  1873 | D:2      | 1873 ||| UPGRADING to amulet of regeneration.
  1878 | D:2      | 1878 ||| READING 3 scrolls of identify.
  1878 | D:2      | 1878 ||| IDENTIFYING 2 fuming golden potions
  1879 | D:2      | 1879 ||| READING 2 scrolls of identify.
  1879 | D:2      | 1879 ||| IDENTIFYING scroll labelled DAOLEO MISID
  1880 | D:2      | 1880 ||| READING scroll of identify.
  1880 | D:2      | 1880 ||| IDENTIFYING scroll labelled AWEEN JYPNU
  1881 | D:2      | 1881 ||| DROPPING scroll of fear.
  1882 | D:2      | 1882 ||| DROPPING scroll of noise.
  2348 | D:3      | Reached XP level 5. HP: 26/26 MP: 6/6
  2469 | D:3      | Found a shimmering blue altar of Sif Muna.
  2480 | D:3      | Found a sacrificial altar of Ru.
  2783 | D:3      | Found an iron altar of Okawaru.
  2784 | D:3      | 2784 ||| PLANNING OKAWARU WORSHIP
  2784 | D:3      | 2784 ||| UPGRADING to +6 ring of strength.
  2785 | D:3      | 2785 ||| READING scroll of identify.
  2785 | D:3      | 2785 ||| IDENTIFYING orange potion
  2786 | D:3      | 2786 ||| READING scroll labelled FYETUH ELADIBE.
  2787 | D:3      | 2787 ||| READING scroll labelled LYIPOH WICSU.
  2788 | D:3      | 2788 ||| DRINKING 2 cyan potions.
  2789 | D:3      | 2789 ||| FLEEEEING.
  2790 | D:3      | 2790 ||| FLEEEEING.
  2791 | D:3      | 2791 ||| FLEEEEING.
  2792 | D:3      | 2792 ||| FLEEEEING.
  2793 | D:3      | 2793 ||| Stepping ~*~*~tactically~*~*~ (cloud).
  2793 | D:3      | Succumbed to their own poison gas

Levels and vault maps discovered:
D:1:      zaba_arrival_water, layout_basic, serial_bayou, serial_bayou_shore_b,
          serial_bayou_lagoon_a, serial_bayou_pond_d, serial_bayou_pond_d
D:2:      layout_loops_ring, serial_shops, shop, shop_coins,
          nicolae_shop_waterfront, nicolae_shop_tiny_real_fake_doors,
          supply_closet_lemuel
D:3:      layout_loops_corners, hellmonk_okawaru_the_only_friend_you_need,
          jmf_multi_god_temple2

Skill      XL: |  1  2  3  4  5 |
---------------+----------------+-----
Dodging        | 3 4 5 |  5.5
Ranged Weapons | 5 |  5.2
Fighting       | 2 |  2.0
Stealth        | |  1.5

Action                     |  1- 3 |  4- 6 || total
---------------------------+-------+-------++-------
   Fire: Shortbow          |   110 |    75 ||   185
    Use: Scroll            |     7 |     6 ||    13
         Potion            |       |     1 ||     1
 Armour: Robe              |     9 |     8 ||    17
  Dodge: Dodged            |    40 |    32 ||    72

Table legend:
 A = Non-vault XP
 B = Vault XP
 C = Vault XP percentage of total XP
 D = Non-vault monster count
 E = Vault monster count
 F = Vault count percentage of total count
                 A         B        C        D         E       F
            +---------+---------+-------+---------+---------+-------
      Total |     231 |      14 |   5.7 |      61 |       2 |   3.2
            +---------+---------+-------+---------+---------+-------
        D:1 |      46 |       0 |   0.0 |      25 |       0 |   0.0
        D:2 |      71 |       0 |   0.0 |      24 |       0 |   0.0
        D:3 |     114 |      14 |  10.9 |      12 |       2 |  14.3
            +---------+---------+-------+---------+---------+-------
